 Dungeon Crawl Stone Soup version 0.17.0-28-g6e173f8 (webtiles) character file.

329 dohliylev the Stinger (level 6, -4/33 HPs)
             Began as a Gargoyle Venom Mage on Dec 1, 2015.
             Killed by divine providence
             ... invoked by an orc priest
              (15 damage)
             ... on level 4 of the Dungeon.
             The game lasted 00:20:26 (3222 turns).

dohliylev the Stinger (Gargoyle Venom Mage)         Turns: 3222, Time: 00:20:26

Health: -4/33      AC:  9    Str: 11    XL:     6   Next: 50%
Magic:  1/10       EV: 12    Int: 18    God:
Gold:   190        SH:  0    Dex: 10    Spells: 3 memorised, 3 levels left

rFire  . . .     SeeInvis .     m - +0 dagger (curse)
rCold  . . .     Clarity  .     a - +0 robe
rNeg   + . .     SustAt   .     (no shield)
rPois  ∞         Gourm    .     (no helmet)
rElec  +         Spirit   .     (no cloak)
rCorr  .         Warding  .     q - +1 pair of gloves
rMut   .         Stasis   .     r - +0 pair of boots
MR     .....                    (no amulet)
Stlth  ++........               (no ring)
                                (no ring)

@: very slightly contaminated, not resistant to hostile enchantments, unstealthy
A: negative energy resistance 1, electricity resistance, unbreathing,
petrification resistance, rot immunity, AC +4
a: no special abilities


You were on level 4 of the Dungeon.
You were very hungry.

You visited 1 branch of the dungeon, and saw 4 of its levels.

You collected 190 gold pieces.

Inventory:

Hand Weapons
 l - a +2 hand axe of freezing
 m - a cursed +0 dagger (weapon)
Armour
 a - a +0 robe (worn)
 q - a +1 pair of gloves (worn)
 r - a +0 pair of boots (worn)
Scrolls
 d - 2 scrolls of blinking
 e - 3 scrolls of immolation
 n - 2 scrolls of teleportation
 p - a scroll of fog
 u - 2 scrolls of enchant weapon {unknown}
 y - a scroll of noise {unknown}
Potions
 h - a potion of invisibility {unknown}
 i - a potion of lignification {unknown}
 j - 2 potions of degeneration {unknown}
 o - a potion of mutation {unknown}
 s - a potion of cancellation {unknown}
 t - 2 potions of agility {unknown}
 w - a potion of poison {unknown}
 x - a potion of heal wounds {unknown}
Books
 b - a Young Poisoner's Handbook

   Spells                             Type                      Level
   a - Sting                          Conjuration/Poison           1
   b - Cure Poison                    Poison                       2
   c - Mephitic Cloud                 Conjuration/Poison/Air       3
   d - Olgreb's Toxic Radiance        Poison                       4
   e - Venom Bolt                     Conjuration/Poison           5
Comestibles
 c - 3 bread rations
 f - a meat ration
 g - 3 fruits
 k - 3 beef jerkies
 v - a chunk of flesh


   Skills:
 + Level 0.9 Fighting
 + Level 3.0 Dodging
 - Level 2.1 Stealth
 - Level 0.2 Unarmed Combat
 + Level 3.0 Spellcasting
 * Level 3.3 Conjurations
 + Level 0.2 Air Magic
 + Level 5.2 Poison Magic


You had 3 spell levels left.
You knew the following spells:

 Your Spells              Type           Power        Failure   Level  Hunger
a - Sting                 Conj/Pois      ###.         2%          1    None
b - Mephitic Cloud        Conj/Pois/Air  ##......     17%         3    ###....
c - Olgreb's Toxic Radia  Pois           ###.....     24%         4    ####...


Dungeon Overview and Level Annotations

Branches:
Dungeon (4/15)
 Temple: D:4-7

Altars:
Cheibriados
Gozag
Okawaru
Qazlal
Yredelemnul

Annotations:
D:4 veneficus's ghost, amateur DECj


Innate Abilities, Weirdness & Mutations

You are resistant to torment.
Your stone body is resilient (AC +4).
You are immune to poison.
You resist negative energy.
You are resistant to electric shocks.
You can survive without breathing.
You are immune to petrification.
You are immune to rotting.


Message History

The orc wizard hits you but does no damage.
You catch the helpless orc wizard completely off-guard!
You hit the orc wizard.
The orc wizard is almost dead.
The phantom blinks!
The orc wizard hits the orc with a dagger.
The orc wizard closely misses the phantom.
Casting: Olgreb's Toxic Radiance
Confirm with . or Enter, or press ? or * to list all spells.
Aiming: Sting
Press: ? - help, Shift-Dir - straight line, f/p - orc wizard
Aim: an orc wizard, wielding a dagger and wearing a robe (almost dead, confused)
The sting hits the orc wizard.
You kill the orc wizard!
Your Spellcasting skill increases to level 3!
The orc priest mumbles some strange prayers to Beogh against you.
Something smites you!
The orc priest invokes the aid of Beogh against you.
Something smites you!
You die...

##..............
..........(.....
#............... ###
#(.............. ...
#...............
#.####...............
#....................
#....###...........#.
#...@..oo............
#....#####..###.####.
####.. ##.# #.# ##
##### #)###.# #.
#>.##.### #..#<.....#
####.#......#
......#.....#
###.#.......#


You could see an orc priest and an orc.

Vanquished Creatures
  A scorpion (D:4)
  A hound (D:4)
  Jessica (D:3)
  An iguana (D:4)
  An orc wizard (D:4)
  2 worker ants (D:4)
  5 adders
  2 oozes
  A worm (D:3)
  2 giant geckos
  9 bats
  3 giant cockroaches
  2 gnoll zombies (D:3)
  6 goblins
  14 hobgoblins
  6 jackals
  6 kobolds
  2 quokkas
  2 ball pythons (D:2)
  3 giant newts
  4 rats
74 creatures vanquished.

Notes
Turn   | Place    | Note
--------------------------------------------------------------
     0 | D:1      | dohliylev the Gargoyle Venom Mage began the quest for the Orb.
     0 | D:1      | Reached XP level 1. HP: 10/10 MP: 3/3
   171 | D:1      | Reached XP level 2. HP: 12/15 MP: 0/5
   552 | D:1      | Reached skill level 1 in Conjurations
   568 | D:1      | Reached XP level 3. HP: 15/19 MP: 1/6
   805 | D:2      | Learned a level 3 spell: Mephitic Cloud
  1011 | D:2      | Found a snail-covered altar of Cheibriados.
  1013 | D:2      | Found an opulent altar of Gozag.
  1041 | D:2      | Found an iron altar of Okawaru.
  1338 | D:2      | Found a stormy altar of Qazlal.
  1344 | D:2      | Reached XP level 4. HP: 18/24 MP: 5/7
  1974 | D:3      | Found a basalt altar of Yredelemnul.
  2169 | D:3      | Noticed Jessica
  2187 | D:3      | Killed Jessica
  2187 | D:3      | Reached XP level 5. HP: 23/28 MP: 0/8
  2259 | D:3      | Learned a level 4 spell: Olgreb's Toxic Radiance
  2635 | D:4      | Noticed veneficus's ghost (amateur DECj)
  3044 | D:4      | Reached skill level 5 in Poison Magic
  3044 | D:4      | Reached XP level 6. HP: 33/33 MP: 0/10
  3206 | D:4      | Noticed a phantom
  3222 | D:4      | Killed from afar by an orc priest

Action                   |  1- 3 |  4- 6 || total
-------------------------+-------+-------++-------
Melee: Unarmed           |    37 |       ||    37
       Hand axe          |    16 |       ||    16
       Dagger            |    62 |   128 ||   190
 Cast: Sting             |    35 |    43 ||    78
       Mephitic Cloud    |     2 |     7 ||     9
       Olgreb's Toxic Ra |       |     7 ||     7
  Use: Scroll            |       |     4 ||     4
 Stab: Sleeping          |     2 |       ||     2
       Confused          |     1 |     5 ||     6
  Eat: Chunk             |     3 |     8 ||    11
